Carnivores vs Blackdemons (R1)

Created - 7 octobre 2014 at 19:33

Goals
1 2 3 T
Carnivores 1 0 1 2
Blackdemons 1 0 2 3
Shots
1 2 3 T
Carnivores 10 12 6 28
Blackdemons 8 12 7 27

1st period

1. Blackdemons , Enver Lisin 6 (Sam Gagner) at 9:07 (PP)
2. Carnivores , Matt Cullen 7 (Tim Conboy, Corey Crawford) at 19:37 (PP)

Penalties :
Chris Lawrence (Bre) for Interference (Minor) at 4:20, Christopher DiDomenico (Bre) for Tripping (Minor) at 9:05, Nate Prosser (MJM) for Hooking (Minor) at 13:43, Jakub Kindl (MJM) for Hooking (Minor) at 19:21, Brendon Nash (MJM) for Roughing (Minor) at 19:57

2nd period

No Goal

Penalties :
Evgeny Grachev (Bre) for Hooking (Minor) at 7:48, Oliver Ekman-Larsson (Bre) for Interference (Minor) at 10:34, Oliver Ekman-Larsson (Bre) for Hooking (Minor) at 19:30

3rd period

3. Carnivores , Blake Geoffrion 1 (Evgeny Grachev, Colton Orr) at 9:31
4. Blackdemons , Barry Tallackson 4 (Andrew MacDonald, Matt Hunwick) at 14:09
5. Blackdemons , Enver Lisin 7 (Sam Gagner) at 14:13

Penalties :
Michael Haley (MJM) for Tripping (Minor) at 5:11, Evgeny Grachev (Bre) for Diving (Minor) at 7:11, Nate Prosser (MJM) for Slashing (Minor) at 10:49, Evgeny Grachev (Bre) for Holding (Minor) at 14:36, Kyle Wilson (Bre) for Hooking (Minor) at 19:08

Goalie Stats

Corey Crawford (Bre), 24 saves from 27 shots - (0,889), L, 4-2-0, 60:00 minutes
Martin Biron (MJM), 26 saves from 28 shots - (0,929), W, 4-1-0, 60:00 minutes

Players Stats for Carnivores

Player Name              G  A  P  +/- PIM S  H  SB GA TA FO     MP     PP MP  PK MP  
------------------------------------------------------------------------------------
Andrew Ference           0  0  0   0  0   2  0  0  1  0  0/0    20:19   3:45   5:20 
Anton Gustafsson         0  0  0  -1  0   1  0  2  0  0  3/12   12:58   0:00   1:53 
Anton Lander             0  0  0   0  0   1  0  1  0  0  0/1     8:38   0:00   0:05 
Blake Geoffrion          1  0  1   0  0   4  0  1  2  0  0/1    18:39   4:02   3:45 
Bobby Sanguinetti        0  0  0   0  0   0  1  1  1  1  0/0    15:48   3:45   2:23 
Chris Butler             0  0  0   0  0   0  0  0  0  0  0/0     6:58   0:00   0:42 
Chris Lawrence           0  0  0  -1  2   5  2  1  0  0  0/0    16:49   0:24   0:00 
Christopher DiDomenico   0  0  0   0  2   0  0  0  0  0  0/0     7:45   0:00   0:00 
Colton Orr               0  1  1   1  0   2  1  0  0  0  2/2     8:54   3:48   3:45 
David Schlemko           0  0  0   0  0   0  0  0  0  1  0/0     6:16   0:00   0:00 
Evgeny Grachev           0  1  1   0  6   3  0  0  0  0  5/15   13:37   3:46   0:00 
Ian Schultz              0  0  0   0  0   0  3  1  0  0  0/0     8:02   0:13   0:00 
Jeremy Welsh             0  0  0  -1  0   1  1  0  0  0  0/0    14:46   3:46   0:00 
Keith Aulie              0  0  0  -1  0   0  3  1  0  2  0/0    25:58   4:27   7:27 
Kyle Wilson              0  0  0   0  2   0  0  0  0  0  0/0     3:17   0:24   0:00 
Lane MacDermid           0  0  0   0  0   0  2  0  0  1  0/0     9:46   0:00   1:12 
Matt Cullen              1  0  1   0  0   7  2  1  0  1  12/26  20:06   4:02   7:27 
Oliver Ekman-Larsson     0  0  0  -1  4   0  2  2  0  2  0/0    22:11   4:27   4:56 
Patrick McNeill          0  0  0   0  0   0  0  1  0  0  0/0     7:48   0:00   0:00 
Phil Oreskovic           0  0  0   0  0   1  0  1  0  0  0/0    15:35   0:00   4:46 
Tim Conboy               0  1  1  -1  0   1  2  1  0  1  1/2    22:55   4:11   7:27 

Players Stats for Blackdemons

Player Name              G  A  P  +/- PIM S  H  SB GA TA FO     MP     PP MP  PK MP  
------------------------------------------------------------------------------------
Alyn McCauley            0  0  0  -1  0   1  0  0  0  0  0/0    11:14   0:00   1:39 
Andrew MacDonald         0  1  1   0  0   0  0  0  0  1  0/0    18:56   5:41   0:21 
Barry Tallackson         1  0  1   1  0   4  2  0  1  1  0/0    15:14   5:19   0:00 
Brendon Nash             0  0  0   1  2   1  2  0  1  0  0/0    22:52   7:06   1:19 
Enver Lisin              2  0  2   1  0   6  1  0  1  0  0/0    20:44   7:28   2:05 
Jakub Kindl              0  0  0   0  2   2  2  1  0  0  0/0    18:22   0:00   5:03 
Luca Caputi              0  0  0  -1  0   0  2  0  0  0  0/0    10:32   0:10   1:14 
Mathieu Dandenault       0  0  0   0  0   3  3  0  0  0  0/0    13:45   0:00   4:28 
Matt Calvert             0  0  0   1  0   0  0  0  0  0  0/0    17:07   7:18   0:15 
Matt Hunwick             0  1  1   1  0   0  2  0  1  0  0/0    15:21   0:00   5:19 
Michael Haley            0  0  0   1  2   0  2  1  0  0  0/0    18:44   5:19   2:15 
Michael Kostka           0  0  0   0  0   1  1  0  0  0  0/0    23:22   7:06   2:50 
Nate Prosser             0  0  0   0  4   2  0  2  0  1  0/0    22:32   5:41   1:32 
Sam Gagner               0  2  2   1  0   2  1  0  2  0  22/37  18:06   7:28   0:00 
Scott Timmins            0  0  0   0  0   0  3  0  0  0  0/0     7:19   0:00   0:00 
Shawn Matthias           0  0  0   1  0   1  1  0  1  1  3/6    15:06   5:19   0:00 
Steven Zalewski          0  0  0   0  0   0  1  0  0  0  4/4     7:53   0:00   0:00 
Wayne Primeau            0  0  0  -1  0   4  0  0  2  0  7/12   14:34   0:00   4:28 

3 Stars

1 - Enver Lisin (MJM)
2 - Barry Tallackson (MJM)
3 - Sam Gagner (MJM)

Power Play

Carnivores - 1 on 5 Attempt(s) - 20,00%
Blackdemons - 1 on 8 Attempt(s) - 12,50%

Penalty Kill

Carnivores - 7 on 8 Attempt(s) - 87,50% - Score 0 goal in Penalty Kill
Blackdemons - 4 on 5 Attempt(s) - 80,00% - Score 0 goal in Penalty Kill

Official

Referees : Jackson Dave and Meier Brad
Linesman : Andy McElman and Thor Nelson

Game Notes

No Game Note

Finance

Level 1 -- Attendance: 1483 (74,15%) -- Ticket Income 44 490 $
Level 2 -- Attendance: 687 (68,70%) -- Ticket Income 6 870 $
Total Attendance: 2170 (72,33%)
Total Ticket Income: 51 360 $
Other Income: 2 568 $
Total Income: 53 928 $

Carnivores

5 vs 5 Forward 
   Center                   Left Wing                Right Wing               Time % Phy DF OF 
 1 Evgeny Grachev           Blake Geoffrion          Chris Lawrence           33     1   2  2  
 2 Anton Gustafsson         Jeremy Welsh             Tim Conboy               32     1   2  2  
 3 Anton Lander             Lane MacDermid           Chris Lawrence           25     1   2  2  
 4 Matt Cullen              Christopher DiDomenico   Ian Schultz              10     1   2  2  

5 vs 5 Defense 
   Defense                  Defense                                           Time % Phy DF OF 
 1 Oliver Ekman-Larsson     Keith Aulie                                       40     1   2  2  
 2 Andrew Ference           Phil Oreskovic                                    30     1   2  2  
 3 Patrick McNeill          Bobby Sanguinetti                                 20     1   2  2  
 4 Chris Butler             David Schlemko                                    10     1   2  2  

PowerPlay Forward 
   Center                   Left Wing                Right Wing               Time % Phy DF OF 
 1 Matt Cullen              Blake Geoffrion          Tim Conboy               60     1   2  2  
 2 Evgeny Grachev           Jeremy Welsh             Colton Orr               40     1   2  2  

PowerPlay Defense
   Defense                  Defense                                           Time % Phy DF OF 
 1 Oliver Ekman-Larsson     Keith Aulie                                       60     1   2  2  
 2 Andrew Ference           Bobby Sanguinetti                                 40     1   2  2  

Penalty Kill 4 Players Forward 
   Center                   Wing                     Time % Phy DF OF 
 1 Matt Cullen              Tim Conboy               60     1   2  2  
 2 Colton Orr               Blake Geoffrion          40     1   2  2  

Penalty Kill 4 Players Defense
   Defense                  Defense                  Time % Phy DF OF 
 1 Oliver Ekman-Larsson     Keith Aulie              60     1   2  2  
 2 Andrew Ference           Phil Oreskovic           40     1   2  2  

Penalty Kill - 3 Players Forward 
   Forward                                           Time % Phy DF OF 
 1 Matt Cullen                                       60     1   2  2  
 2 Tim Conboy                                        40     1   2  2  

Penalty Kill - 3 Players Defense
   Defense                  Defense                  Time % Phy DF OF 
 1 Oliver Ekman-Larsson     Keith Aulie              60     1   2  2  
 2 Andrew Ference           Phil Oreskovic           40     1   2  2  

4 vs 4 Forward 
   Center                   Wing                     Time % Phy DF OF 
 1 Matt Cullen              Tim Conboy               60     1   2  2  
 2 Colton Orr               Blake Geoffrion          40     1   2  2  

4 vs 4 Defense
   Defense                  Defense                  Time % Phy DF OF 
 1 Oliver Ekman-Larsson     Keith Aulie              60     1   2  2  
 2 Andrew Ference           Phil Oreskovic           40     1   2  2  

Last Minutes Offensive
   Center                   Left Wing                Right Wing               Defense                  Defense                  
   Matt Cullen              Blake Geoffrion          Tim Conboy               Andrew Ference           Keith Aulie              

Last Minutes Defensive
   Center                   Left Wing                Right Wing               Defense                  Defense                  
   Matt Cullen              Blake Geoffrion          Tim Conboy               Andrew Ference           Keith Aulie              

Goaltenders
Starting : Corey Crawford           
Backup : Antti Raanta             

Extra Forwards
Normal : Chris Lawrence, Kyle Wilson, Anton Gustafsson - PP : Chris Lawrence, Kyle Wilson - PK : Anton Gustafsson
Extra Defensemen
Normal : Patrick McNeill, Bobby Sanguinetti, Chris Butler - PP : Patrick McNeill - PK : Bobby Sanguinetti, Chris Butler
Penalty Shots
Matt Cullen, Tim Conboy, Colton Orr, Blake Geoffrion, Chris Lawrence

Blackdemons

5 vs 5 Forward 
   Center                   Left Wing                Right Wing               Time % Phy DF OF 
 1 Sam Gagner               Michael Haley            Enver Lisin              40     1   1  3  
 2 Shawn Matthias           Matt Calvert             Barry Tallackson         30     3   2  0  
 3 Wayne Primeau            Luca Caputi              Alyn McCauley            20     0   4  1  
 4 Steven Zalewski          Scott Timmins            Mathieu Dandenault       10     0   5  0  

5 vs 5 Defense 
   Defense                  Defense                                           Time % Phy DF OF 
 1 Nate Prosser             Brendon Nash                                      38     1   3  1  
 2 Michael Kostka           Jakub Kindl                                       36     1   3  1  
 3 Matt Hunwick             Andrew MacDonald                                  26     1   3  1  
 4 Matt Hunwick             Andrew MacDonald                                  0      0   5  0  

PowerPlay Forward 
   Center                   Left Wing                Right Wing               Time % Phy DF OF 
 1 Sam Gagner               Matt Calvert             Enver Lisin              60     1   0  4  
 2 Shawn Matthias           Michael Haley            Barry Tallackson         40     3   0  2  

PowerPlay Defense
   Defense                  Defense                                           Time % Phy DF OF 
 1 Michael Kostka           Brendon Nash                                      60     1   2  2  
 2 Nate Prosser             Andrew MacDonald                                  40     1   2  2  

Penalty Kill 4 Players Forward 
   Center                   Wing                     Time % Phy DF OF 
 1 Wayne Primeau            Mathieu Dandenault       70     1   4  0  
 2 Alyn McCauley            Barry Tallackson         30     0   4  1  

Penalty Kill 4 Players Defense
   Defense                  Defense                  Time % Phy DF OF 
 1 Matt Hunwick             Jakub Kindl              60     1   4  0  
 2 Nate Prosser             Michael Kostka           40     1   3  1  

Penalty Kill - 3 Players Forward 
   Forward                                           Time % Phy DF OF 
 1 Wayne Primeau                                     60     0   5  0  
 2 Mathieu Dandenault                                40     0   5  0  

Penalty Kill - 3 Players Defense
   Defense                  Defense                  Time % Phy DF OF 
 1 Matt Hunwick             Jakub Kindl              60     1   4  0  
 2 Nate Prosser             Michael Kostka           40     1   4  0  

4 vs 4 Forward 
   Center                   Wing                     Time % Phy DF OF 
 1 Sam Gagner               Enver Lisin              60     0   3  2  
 2 Shawn Matthias           Barry Tallackson         40     1   3  1  

4 vs 4 Defense
   Defense                  Defense                  Time % Phy DF OF 
 1 Brendon Nash             Andrew MacDonald         60     1   3  1  
 2 Michael Kostka           Jakub Kindl              40     1   3  1  

Last Minutes Offensive
   Center                   Left Wing                Right Wing               Defense                  Defense                  
   Sam Gagner               Shawn Matthias           Enver Lisin              Michael Kostka           Brendon Nash             

Last Minutes Defensive
   Center                   Left Wing                Right Wing               Defense                  Defense                  
   Wayne Primeau            Alyn McCauley            Barry Tallackson         Matt Hunwick             Nate Prosser             

Goaltenders
Starting : Martin Biron             
Backup : Matt Hackett             

Extra Forwards
Normal : Matt Calvert, Steven Zalewski, Shawn Matthias - PP : Matt Calvert, Luca Caputi - PK : Enver Lisin
Extra Defensemen
Normal : Brendon Nash, Jakub Kindl, Andrew MacDonald - PP : Jakub Kindl - PK : Brendon Nash, Andrew MacDonald
Penalty Shots
Barry Tallackson, Enver Lisin, Shawn Matthias, Wayne Primeau, Alyn McCauley

% Time on Ice - Carnivores

Lines # - Real PCT - Wanted PCT - Time Play
Normal Forward
1 - 26% - 33% - 10:00
2 - 32% - 32% - 12:32
3 - 22% - 25% - 8:22
4 - 20% - 10% - 7:46
Normal Defense
1 - 35% - 40% - 13:43
2 - 28% - 30% - 10:53
3 - 20% - 20% - 7:48
4 - 16% - 10% - 6:16
PP Forward
1 - 54% - 60% - 4:24
2 - 46% - 40% - 3:48
PP Defense
1 - 54% - 60% - 4:27
2 - 46% - 40% - 3:45
PK Forward
1 - 71% - 60% - 9:02
2 - 29% - 40% - 3:45
PK Defense
1 - 63% - 60% - 8:01
2 - 37% - 40% - 4:46
PK3 Forward
1 - 0% - 60%
2 - 0% - 40%
PK3 Defense
1 - 0% - 60%
2 - 0% - 40%
44 Forward
1 - 0% - 60%
2 - 0% - 40%
44 Defense
1 - 0% - 60%
2 - 0% - 40%
Last Minute Offensive  - 0:21
Last Minute Defensive  - 0:00
Total
Forward - 60:00
Defense - 60:00

% Time on Ice - Blackdemons

Lines # - Real PCT - Wanted PCT - Time Play
Normal Forward
1 - 31% - 40% - 12:08
2 - 28% - 30% - 10:55
3 - 22% - 20% - 8:27
4 - 19% - 10% - 7:11
Normal Defense
1 - 37% - 38% - 14:22
2 - 39% - 36% - 15:04
3 - 24% - 26% - 9:15
4 - 0% - 0% - 0:00
PP Forward
1 - 58% - 60% - 7:28
2 - 42% - 40% - 5:19
PP Defense
1 - 56% - 60% - 7:06
2 - 44% - 40% - 5:41
PK Forward
1 - 100% - 70% - 8:12
2 - 0% - 30% - 0:00
PK Defense
1 - 65% - 60% - 5:19
2 - 35% - 40% - 2:53
PK3 Forward
1 - 0% - 60%
2 - 0% - 40%
PK3 Defense
1 - 0% - 60%
2 - 0% - 40%
44 Forward
1 - 0% - 60%
2 - 0% - 40%
44 Defense
1 - 0% - 60%
2 - 0% - 40%
Last Minute Offensive  - 0:00
Last Minute Defensive  - 0:20
Total
Forward - 60:00
Defense - 60:00

Play by Play

1st period


0:01 of 1st period - Sam Gagner wins face-off versus Evgeny Grachev in neutral zone.
0:08 of 1st period - Backhand shot by Sam Gagner.
0:08 of 1st period - Stopped by Corey Crawford with a rebound.
0:50 of 1st period - Wrist shot by Phil Oreskovic.
0:50 of 1st period - Stopped by Martin Biron with a rebound.
1:00 of 1st period - Slapshot by Matt Cullen.
1:00 of 1st period - Stopped by Martin Biron with a rebound.
1:12 of 1st period - Jakub Kindl is hit by Lane MacDermid and loses puck.
1:19 of 1st period - Snap shot by Luca Caputi.
1:19 of 1st period - Deflect By Wayne Primeau.
1:19 of 1st period - Stopped by Corey Crawford with a rebound.
1:21 of 1st period - Slapshot by Michael Kostka.
1:21 of 1st period - Shot Misses the Net.
1:23 of 1st period - Snap shot by Wayne Primeau.
1:23 of 1st period - Shot Misses the Net.
1:25 of 1st period - Backhand shot by Wayne Primeau.
1:25 of 1st period - Shot Blocked by Patrick McNeill.
1:27 of 1st period - Snap shot by Alyn McCauley.
1:27 of 1st period - Stopped by Corey Crawford without a rebound.
1:28 of 1st period - Sam Gagner wins face-off versus Anton Gustafsson in Carnivores zone.
1:54 of 1st period - Matt Hunwick is hit by Ian Schultz and loses puck.
2:35 of 1st period - Oliver Ekman-Larsson is hit by Scott Timmins and loses puck.
3:18 of 1st period - Wrist shot by Barry Tallackson.
3:18 of 1st period - Stopped by Corey Crawford without a rebound.
3:19 of 1st period - Matt Cullen wins face-off versus Shawn Matthias in Carnivores zone.
3:19 of 1st period - Matt Cullen is hit by Matt Hunwick.
3:50 of 1st period - Snap shot by Sam Gagner.
3:50 of 1st period - Shot Misses the Net.
3:52 of 1st period - Slapshot by Jakub Kindl.
3:52 of 1st period - Stopped by Corey Crawford with a rebound.
4:10 of 1st period - Backhand shot by Chris Lawrence.
4:10 of 1st period - Shot Misses the Net.
4:20 of 1st period - Minor Penalty to Chris Lawrence for Interference.
4:21 of 1st period - Sam Gagner wins face-off versus Matt Cullen in Carnivores zone.
5:10 of 1st period - Icing by Nate Prosser.
5:11 of 1st period - Colton Orr wins face-off versus Sam Gagner in Blackdemons zone.
6:20 of 1st period - Penalty to Chris Lawrence is over, Chris Lawrence is back on ice.
6:30 of 1st period - Nate Prosser is hit by Chris Lawrence.
7:07 of 1st period - Michael Kostka is hit by Matt Cullen and loses puck.
7:24 of 1st period - Andrew Ference is hit by Jakub Kindl and loses puck.
8:05 of 1st period - Blake Geoffrion is hit by Mathieu Dandenault and loses puck.
8:34 of 1st period - Shawn Matthias is hit by Ian Schultz and loses puck.
8:59 of 1st period - Slapshot by Wayne Primeau.
8:59 of 1st period - Shot Misses the Net.
9:05 of 1st period - Minor Penalty to Christopher DiDomenico for Tripping.
9:06 of 1st period - Sam Gagner wins face-off versus Matt Cullen in Carnivores zone.
9:07 of 1st period - Wrist shot by Enver Lisin.
9:07 of 1st period - Goal by Enver Lisin - Carnivores : 0 - Blackdemons : 1.
9:08 of 1st period - Sam Gagner wins face-off versus Evgeny Grachev in neutral zone.
9:08 of 1st period - Sam Gagner is hit by Oliver Ekman-Larsson.
9:14 of 1st period - Backhand shot by Sam Gagner.
9:14 of 1st period - Stopped by Corey Crawford with a rebound.
9:34 of 1st period - Keith Aulie is hit by Barry Tallackson and loses puck.
9:39 of 1st period - Snap shot by Barry Tallackson.
9:39 of 1st period - Stopped by Corey Crawford with a rebound.
9:45 of 1st period - Snap shot by Matt Calvert.
9:45 of 1st period - Shot Blocked by Tim Conboy.
10:03 of 1st period - Wrist shot by Chris Lawrence.
10:03 of 1st period - Shot Misses the Net.
10:13 of 1st period - Slapshot by Matt Cullen.
10:13 of 1st period - Stopped by Martin Biron with a rebound.
10:17 of 1st period - Snap shot by Matt Cullen.
10:17 of 1st period - Stopped by Martin Biron without a rebound.
10:18 of 1st period - Steven Zalewski wins face-off versus Anton Gustafsson in Blackdemons zone.
10:25 of 1st period - Tim Conboy is hit by Mathieu Dandenault and loses puck.
11:06 of 1st period - Brendon Nash is hit by Ian Schultz and loses puck.
11:13 of 1st period - Slapshot by Matt Cullen.
11:13 of 1st period - Stopped by Martin Biron with a rebound.
11:15 of 1st period - Snap shot by Christopher DiDomenico.
11:15 of 1st period - Shot Misses the Net.
11:17 of 1st period - Snap shot by Matt Cullen.
11:17 of 1st period - Stopped by Martin Biron without a rebound.
11:18 of 1st period - Sam Gagner wins face-off versus Anton Gustafsson in Blackdemons zone.
12:23 of 1st period - Chris Lawrence is hit by Michael Haley and loses puck.
13:02 of 1st period - Snap shot by Chris Lawrence.
13:02 of 1st period - Stopped by Martin Biron without a rebound.
13:03 of 1st period - Evgeny Grachev wins face-off versus Shawn Matthias in Blackdemons zone.
13:04 of 1st period - Wrist shot by Blake Geoffrion.
13:04 of 1st period - Stopped by Martin Biron without a rebound.
13:05 of 1st period - Sam Gagner wins face-off versus Evgeny Grachev in Blackdemons zone.
13:12 of 1st period - Michael Haley is hit by Keith Aulie.
13:30 of 1st period - Matt Hunwick is hit by Tim Conboy and loses puck.
13:43 of 1st period - Minor Penalty to Nate Prosser for Hooking.
13:44 of 1st period - Wayne Primeau wins face-off versus Matt Cullen in Blackdemons zone.
13:57 of 1st period - Snap shot by Matt Cullen.
13:57 of 1st period - Shot Misses the Net.
15:43 of 1st period - Penalty to Nate Prosser is over, Nate Prosser is back on ice.
16:28 of 1st period - Icing by Nate Prosser.
16:29 of 1st period - Matt Cullen wins face-off versus Wayne Primeau in Blackdemons zone.
17:04 of 1st period - Jeremy Welsh is hit by Shawn Matthias and loses puck.
17:17 of 1st period - Snap shot by Sam Gagner.
17:17 of 1st period - Shot Blocked by Anton Lander.
17:40 of 1st period - Slapshot by Mathieu Dandenault.
17:40 of 1st period - Shot Misses the Net.
17:58 of 1st period - Andrew MacDonald is hit by Tim Conboy and loses puck.
18:07 of 1st period - Bobby Sanguinetti is hit by Luca Caputi and loses puck.
18:49 of 1st period - Enver Lisin is hit by Matt Cullen and loses puck.
19:06 of 1st period - Anton Lander is hit by Scott Timmins and loses puck.
19:21 of 1st period - Minor Penalty to Jakub Kindl for Hooking.
19:22 of 1st period - Wayne Primeau wins face-off versus Matt Cullen in Blackdemons zone.
19:35 of 1st period - Wrist shot by Tim Conboy.
19:35 of 1st period - Shot Misses the Net.
19:37 of 1st period - Wrist shot by Matt Cullen.
19:37 of 1st period - Goal by Matt Cullen - Carnivores : 1 - Blackdemons : 1.
19:38 of 1st period - Sam Gagner wins face-off versus Evgeny Grachev in neutral zone.
19:45 of 1st period - Snap shot by Sam Gagner.
19:45 of 1st period - Shot Blocked by Chris Lawrence.
19:53 of 1st period - Wrist shot by Blake Geoffrion.
19:53 of 1st period - Stopped by Martin Biron without a rebound.
19:54 of 1st period - Shawn Matthias wins face-off versus Anton Gustafsson in Blackdemons zone.
19:54 of 1st period - Shawn Matthias is hit by Jeremy Welsh.
19:57 of 1st period - Minor Penalty to Brendon Nash for Roughing.
19:58 of 1st period - Wayne Primeau wins face-off versus Matt Cullen in Blackdemons zone.
19:58 of 1st period - Wayne Primeau is hit by Oliver Ekman-Larsson.
Goals for this period are 1 for Carnivores vs 1 for Blackdemons.
Shots for this period are 10 for Carnivores vs 8 for Blackdemons.

2nd period


0:01 of 2nd period - Wayne Primeau wins face-off versus Matt Cullen in neutral zone.
0:33 of 2nd period - Snap shot by Tim Conboy.
0:33 of 2nd period - Stopped by Martin Biron without a rebound.
0:34 of 2nd period - Evgeny Grachev wins face-off versus Wayne Primeau in Blackdemons zone.
0:51 of 2nd period - Jeremy Welsh is hit by Mathieu Dandenault and loses puck.
1:12 of 2nd period - Snap shot by Colton Orr.
1:12 of 2nd period - Stopped by Martin Biron with a rebound.
1:22 of 2nd period - Snap shot by Andrew Ference.
1:22 of 2nd period - Stopped by Martin Biron with a rebound.
1:24 of 2nd period - Slapshot by Bobby Sanguinetti.
1:24 of 2nd period - Shot Misses the Net.
1:43 of 2nd period - Wrist shot by Evgeny Grachev.
1:43 of 2nd period - Stopped by Martin Biron without a rebound.
1:44 of 2nd period - Wayne Primeau wins face-off versus Matt Cullen in Blackdemons zone.
1:55 of 2nd period - Snap shot by Matt Cullen.
1:55 of 2nd period - Deflect By Blake Geoffrion.
1:55 of 2nd period - Stopped by Martin Biron without a rebound.
1:56 of 2nd period - Tim Conboy wins face-off versus Wayne Primeau in Blackdemons zone.
1:57 of 2nd period - Penalty to Brendon Nash is over, Brendon Nash is back on ice.
1:59 of 2nd period - Wrist shot by Matt Cullen.
1:59 of 2nd period - Shot Blocked by Jakub Kindl.
2:01 of 2nd period - Slapshot by Oliver Ekman-Larsson.
2:01 of 2nd period - Shot Misses the Net.
2:40 of 2nd period - Wrist shot by Brendon Nash.
2:40 of 2nd period - Shot Misses the Net.
2:42 of 2nd period - Slapshot by Mathieu Dandenault.
2:42 of 2nd period - Stopped by Corey Crawford with a rebound.
2:44 of 2nd period - Snap shot by Wayne Primeau.
2:44 of 2nd period - Shot Blocked by Oliver Ekman-Larsson.
2:54 of 2nd period - Snap shot by Chris Lawrence.
2:54 of 2nd period - Stopped by Martin Biron with a rebound.
2:56 of 2nd period - Wrist shot by Chris Lawrence.
2:56 of 2nd period - Stopped by Martin Biron with a rebound.
3:14 of 2nd period - Snap shot by Chris Lawrence.
3:14 of 2nd period - Stopped by Martin Biron without a rebound.
3:15 of 2nd period - Sam Gagner wins face-off versus Anton Gustafsson in Blackdemons zone.
3:30 of 2nd period - Snap shot by Jeremy Welsh.
3:30 of 2nd period - Deflect By Sam Gagner.
3:30 of 2nd period - Shot Misses the Net.
3:30 of 2nd period - Puck is out of play.
3:31 of 2nd period - Anton Gustafsson wins face-off versus Shawn Matthias in Blackdemons zone.
3:34 of 2nd period - Wrist shot by Anton Gustafsson.
3:34 of 2nd period - Shot Misses the Net.
3:46 of 2nd period - Snap shot by Shawn Matthias.
3:46 of 2nd period - Shot Misses the Net.
4:18 of 2nd period - Icing by Matt Cullen.
4:19 of 2nd period - Shawn Matthias wins face-off versus Matt Cullen in Carnivores zone.
4:22 of 2nd period - Snap shot by Shawn Matthias.
4:22 of 2nd period - Shot Misses the Net.
4:34 of 2nd period - Wrist shot by Andrew Ference.
4:34 of 2nd period - Stopped by Martin Biron without a rebound.
4:35 of 2nd period - Evgeny Grachev wins face-off versus Sam Gagner in Blackdemons zone.
5:33 of 2nd period - Icing by Oliver Ekman-Larsson.
5:34 of 2nd period - Sam Gagner wins face-off versus Matt Cullen in Carnivores zone.
5:59 of 2nd period - Anton Gustafsson is hit by Matt Hunwick and loses puck.
6:27 of 2nd period - Slapshot by Evgeny Grachev.
6:27 of 2nd period - Shot Blocked by Nate Prosser.
6:29 of 2nd period - Wrist shot by Chris Lawrence.
6:29 of 2nd period - Stopped by Martin Biron with a rebound.
6:31 of 2nd period - Wrist shot by Chris Lawrence.
6:31 of 2nd period - Shot Hit the Post.
6:33 of 2nd period - Snap shot by Evgeny Grachev.
6:33 of 2nd period - Stopped by Martin Biron with a rebound.
7:48 of 2nd period - Minor Penalty to Evgeny Grachev for Hooking.
7:49 of 2nd period - Sam Gagner wins face-off versus Tim Conboy in Carnivores zone.
7:49 of 2nd period - Snap shot by Enver Lisin.
7:49 of 2nd period - Shot Blocked by Matt Cullen.
8:21 of 2nd period - Wrist shot by Barry Tallackson.
8:21 of 2nd period - Stopped by Corey Crawford without a rebound.
8:22 of 2nd period - Matt Cullen wins face-off versus Sam Gagner in Carnivores zone.
8:41 of 2nd period - Slapshot by Michael Kostka.
8:41 of 2nd period - Shot Misses the Net.
8:43 of 2nd period - Snap shot by Michael Kostka.
8:43 of 2nd period - Shot Blocked by Phil Oreskovic.
8:45 of 2nd period - Slapshot by Andrew MacDonald.
8:45 of 2nd period - Shot Blocked by Blake Geoffrion.
8:47 of 2nd period - Snap shot by Michael Haley.
8:47 of 2nd period - Deflect By Barry Tallackson.
8:47 of 2nd period - Shot Misses the Net.
8:47 of 2nd period - Puck is out of play.
8:48 of 2nd period - Sam Gagner wins face-off versus Matt Cullen in Carnivores zone.
9:01 of 2nd period - Wrist shot by Enver Lisin.
9:01 of 2nd period - Stopped by Corey Crawford without a rebound.
9:02 of 2nd period - Matt Cullen wins face-off versus Sam Gagner in Carnivores zone.
9:11 of 2nd period - Snap shot by Sam Gagner.
9:11 of 2nd period - Shot Misses the Net.
9:13 of 2nd period - Backhand shot by Enver Lisin.
9:13 of 2nd period - Stopped by Corey Crawford with a rebound.
9:27 of 2nd period - Tim Conboy is hit by Brendon Nash.
9:48 of 2nd period - Penalty to Evgeny Grachev is over, Evgeny Grachev is back on ice.
10:23 of 2nd period - Wrist shot by Mathieu Dandenault.
10:23 of 2nd period - Stopped by Corey Crawford without a rebound.
10:24 of 2nd period - Steven Zalewski wins face-off versus Anton Gustafsson in Carnivores zone.
10:34 of 2nd period - Minor Penalty to Oliver Ekman-Larsson for Interference.
10:35 of 2nd period - Matt Cullen wins face-off versus Sam Gagner in Carnivores zone.
10:52 of 2nd period - Bobby Sanguinetti is hit by Sam Gagner and loses puck.
11:49 of 2nd period - Snap shot by Anton Gustafsson.
11:49 of 2nd period - Stopped by Martin Biron with a rebound.
11:51 of 2nd period - Snap shot by Lane MacDermid.
11:51 of 2nd period - Shot Misses the Net.
12:34 of 2nd period - Penalty to Oliver Ekman-Larsson is over, Oliver Ekman-Larsson is back on ice.
12:56 of 2nd period - Bobby Sanguinetti is hit by Scott Timmins and loses puck.
13:15 of 2nd period - Snap shot by Wayne Primeau.
13:15 of 2nd period - Stopped by Corey Crawford with a rebound.
14:11 of 2nd period - Andrew Ference is hit by Steven Zalewski and loses puck.
15:35 of 2nd period - Keith Aulie is hit by Jakub Kindl and loses puck.
16:04 of 2nd period - Phil Oreskovic is hit by Brendon Nash and loses puck.
17:06 of 2nd period - Anton Lander is hit by Luca Caputi and loses puck.
17:32 of 2nd period - Snap shot by Mathieu Dandenault.
17:32 of 2nd period - Stopped by Corey Crawford without a rebound.
17:33 of 2nd period - Steven Zalewski wins face-off versus Evgeny Grachev in Carnivores zone.
18:06 of 2nd period - Off-side.
18:07 of 2nd period - Sam Gagner wins face-off versus Anton Gustafsson in neutral zone.
18:10 of 2nd period - Slapshot by Brendon Nash.
18:10 of 2nd period - Stopped by Corey Crawford without a rebound.
18:11 of 2nd period - Sam Gagner wins face-off versus Anton Gustafsson in Carnivores zone.
18:19 of 2nd period - Off-side.
18:20 of 2nd period - Sam Gagner wins face-off versus Evgeny Grachev in neutral zone.
19:15 of 2nd period - Backhand shot by Wayne Primeau.
19:15 of 2nd period - Stopped by Corey Crawford without a rebound.
19:16 of 2nd period - Sam Gagner wins face-off versus Evgeny Grachev in Carnivores zone.
19:19 of 2nd period - Slapshot by Sam Gagner.
19:19 of 2nd period - Shot Hit the Post.
19:21 of 2nd period - Snap shot by Enver Lisin.
19:21 of 2nd period - Shot Misses the Net.
19:23 of 2nd period - Slapshot by Jakub Kindl.
19:23 of 2nd period - Stopped by Corey Crawford without a rebound.
19:24 of 2nd period - Sam Gagner wins face-off versus Evgeny Grachev in Carnivores zone.
19:27 of 2nd period - Slapshot by Enver Lisin.
19:27 of 2nd period - Stopped by Corey Crawford without a rebound.
19:28 of 2nd period - Evgeny Grachev wins face-off versus Sam Gagner in Carnivores zone.
19:30 of 2nd period - Minor Penalty to Oliver Ekman-Larsson for Hooking.
19:31 of 2nd period - Sam Gagner wins face-off versus Matt Cullen in Carnivores zone.
19:35 of 2nd period - Wrist shot by Enver Lisin.
19:35 of 2nd period - Deflect By Sam Gagner.
19:35 of 2nd period - Shot Blocked by Keith Aulie.
19:35 of 2nd period - Puck is out of play.
19:36 of 2nd period - Matt Cullen wins face-off versus Sam Gagner in Carnivores zone.
19:49 of 2nd period - Wrist shot by Enver Lisin.
19:49 of 2nd period - Stopped by Corey Crawford with a rebound.
19:51 of 2nd period - Wrist shot by Matt Calvert.
19:51 of 2nd period - Shot Misses the Net.
Goals for this period are 0 for Carnivores vs 0 for Blackdemons.
Shots for this period are 12 for Carnivores vs 12 for Blackdemons.

3rd period


0:01 of 3rd period - Sam Gagner wins face-off versus Matt Cullen in neutral zone.
0:30 of 3rd period - Slapshot by Brendon Nash.
0:30 of 3rd period - Deflect By Barry Tallackson.
0:30 of 3rd period - Shot Misses the Net.
0:30 of 3rd period - Puck is out of play.
0:31 of 3rd period - Colton Orr wins face-off versus Sam Gagner in Carnivores zone.
0:36 of 3rd period - Wrist shot by Blake Geoffrion.
0:36 of 3rd period - Shot Misses the Net.
0:39 of 3rd period - Icing by Sam Gagner.
0:40 of 3rd period - Matt Cullen wins face-off versus Sam Gagner in Blackdemons zone.
1:01 of 3rd period - Slapshot by Nate Prosser.
1:01 of 3rd period - Stopped by Corey Crawford without a rebound.
1:02 of 3rd period - Shawn Matthias wins face-off versus Matt Cullen in Carnivores zone.
1:25 of 3rd period - Colton Orr is hit by Michael Kostka and loses puck.
1:30 of 3rd period - Penalty to Oliver Ekman-Larsson is over, Oliver Ekman-Larsson is back on ice.
2:16 of 3rd period - Snap shot by Blake Geoffrion.
2:16 of 3rd period - Shot Misses the Net.
2:18 of 3rd period - Slapshot by Colton Orr.
2:18 of 3rd period - Stopped by Martin Biron without a rebound.
2:19 of 3rd period - Sam Gagner wins face-off versus Anton Gustafsson in Blackdemons zone.
2:30 of 3rd period - Wrist shot by Jeremy Welsh.
2:30 of 3rd period - Stopped by Martin Biron without a rebound.
2:31 of 3rd period - Anton Gustafsson wins face-off versus Sam Gagner in Blackdemons zone.
2:58 of 3rd period - Chris Lawrence is hit by Barry Tallackson and loses puck.
3:17 of 3rd period - Slapshot by Michael Kostka.
3:17 of 3rd period - Stopped by Corey Crawford with a rebound.
3:19 of 3rd period - Slapshot by Wayne Primeau.
3:19 of 3rd period - Stopped by Corey Crawford without a rebound.
3:20 of 3rd period - Wayne Primeau wins face-off versus Evgeny Grachev in Carnivores zone.
3:25 of 3rd period - Slapshot by Wayne Primeau.
3:25 of 3rd period - Shot Blocked by Oliver Ekman-Larsson.
3:35 of 3rd period - Slapshot by Keith Aulie.
3:35 of 3rd period - Shot Misses the Net.
3:45 of 3rd period - Anton Gustafsson is hit by Michael Haley and loses puck.
3:54 of 3rd period - Slapshot by Bobby Sanguinetti.
3:54 of 3rd period - Shot Blocked by Michael Haley.
4:06 of 3rd period - Snap shot by Barry Tallackson.
4:06 of 3rd period - Shot Misses the Net.
4:08 of 3rd period - Slapshot by Brendon Nash.
4:08 of 3rd period - Deflect By Shawn Matthias.
4:08 of 3rd period - Stopped by Corey Crawford with a rebound.
4:10 of 3rd period - Slapshot by Matt Calvert.
4:10 of 3rd period - Shot Blocked by Ian Schultz.
4:32 of 3rd period - Snap shot by Mathieu Dandenault.
4:32 of 3rd period - Shot Misses the Net.
4:51 of 3rd period - Snap shot by Wayne Primeau.
4:51 of 3rd period - Shot Blocked by Bobby Sanguinetti.
4:57 of 3rd period - Luca Caputi is hit by Lane MacDermid and loses puck.
5:02 of 3rd period - Snap shot by Chris Lawrence.
5:02 of 3rd period - Shot Misses the Net.
5:04 of 3rd period - Wrist shot by Anton Lander.
5:04 of 3rd period - Stopped by Martin Biron without a rebound.
5:05 of 3rd period - Anton Gustafsson wins face-off versus Sam Gagner in Blackdemons zone.
5:11 of 3rd period - Minor Penalty to Michael Haley for Tripping.
5:12 of 3rd period - Wayne Primeau wins face-off versus Matt Cullen in Blackdemons zone.
7:11 of 3rd period - Penalty to Michael Haley is over, Michael Haley is back on ice.
7:11 of 3rd period - Minor Penalty to Evgeny Grachev for Diving.
7:12 of 3rd period - Matt Cullen wins face-off versus Sam Gagner in Carnivores zone.
7:23 of 3rd period - Matt Cullen is hit by Enver Lisin.
7:39 of 3rd period - Michael Haley is hit by Colton Orr and loses puck.
7:48 of 3rd period - Backhand shot by Nate Prosser.
7:48 of 3rd period - Stopped by Corey Crawford with a rebound.
9:11 of 3rd period - Penalty to Evgeny Grachev is over, Evgeny Grachev is back on ice.
9:23 of 3rd period - Wrist shot by Colton Orr.
9:23 of 3rd period - Shot Misses the Net.
9:27 of 3rd period - Snap shot by Colton Orr.
9:27 of 3rd period - Shot Blocked by Nate Prosser.
9:29 of 3rd period - Wrist shot by Evgeny Grachev.
9:29 of 3rd period - Stopped by Martin Biron with a rebound.
9:31 of 3rd period - Slapshot by Blake Geoffrion.
9:31 of 3rd period - Goal by Blake Geoffrion - Carnivores : 2 - Blackdemons : 1.
9:32 of 3rd period - Evgeny Grachev wins face-off versus Sam Gagner in neutral zone.
9:35 of 3rd period - Michael Haley is hit by Chris Lawrence and loses puck.
9:58 of 3rd period - Enver Lisin is hit by Keith Aulie and loses puck.
10:49 of 3rd period - Minor Penalty to Nate Prosser for Slashing.
10:50 of 3rd period - Matt Cullen wins face-off versus Wayne Primeau in Blackdemons zone.
10:52 of 3rd period - Wrist shot by Matt Cullen.
10:52 of 3rd period - Deflect By Mathieu Dandenault.
10:52 of 3rd period - Stopped by Martin Biron without a rebound.
10:53 of 3rd period - Matt Cullen wins face-off versus Wayne Primeau in Blackdemons zone.
11:24 of 3rd period - Slapshot by Colton Orr.
11:24 of 3rd period - Shot Misses the Net.
11:48 of 3rd period - Enver Lisin is hit by Bobby Sanguinetti and loses puck.
12:49 of 3rd period - Penalty to Nate Prosser is over, Nate Prosser is back on ice.
12:51 of 3rd period - Slapshot by Brendon Nash.
12:51 of 3rd period - Shot Misses the Net.
13:32 of 3rd period - Icing by Tim Conboy.
13:33 of 3rd period - Steven Zalewski wins face-off versus Anton Lander in Carnivores zone.
14:03 of 3rd period - Slapshot by Matt Hunwick.
14:03 of 3rd period - Shot Misses the Net.
14:05 of 3rd period - Slapshot by Andrew MacDonald.
14:05 of 3rd period - Shot Blocked by Anton Gustafsson.
14:07 of 3rd period - Slapshot by Andrew MacDonald.
14:07 of 3rd period - Shot Blocked by Anton Gustafsson.
14:09 of 3rd period - Wrist shot by Barry Tallackson.
14:09 of 3rd period - Goal by Barry Tallackson - Carnivores : 2 - Blackdemons : 2.
14:10 of 3rd period - Sam Gagner wins face-off versus Evgeny Grachev in neutral zone.
14:13 of 3rd period - Slapshot by Enver Lisin.
14:13 of 3rd period - Goal by Enver Lisin - Carnivores : 2 - Blackdemons : 3.
14:14 of 3rd period - Sam Gagner wins face-off versus Blake Geoffrion in neutral zone.
14:36 of 3rd period - Minor Penalty to Evgeny Grachev for Holding.
14:37 of 3rd period - Matt Cullen wins face-off versus Sam Gagner in Carnivores zone.
15:02 of 3rd period - Michael Kostka is hit by Keith Aulie and loses puck.
16:36 of 3rd period - Penalty to Evgeny Grachev is over, Evgeny Grachev is back on ice.
19:08 of 3rd period - Minor Penalty to Kyle Wilson for Hooking.
19:09 of 3rd period - Matt Cullen wins face-off versus Sam Gagner in Carnivores zone.
Goals for this period are 1 for Carnivores vs 2 for Blackdemons.
Shots for this period are 6 for Carnivores vs 7 for Blackdemons.


Output by the SimonT Hockey Simulator (STHS) for François Prévost -- Original Page W3C XHTML 1.0 Valid
Hockey Simulator - Hockey Simulation - Hockey Manager